 Dungeon Crawl Stone Soup version 0.27-a0-988-g25969acef8 (webtiles) character file.

Game seed: 424672165205613580

31514 vurker the Thaumaturge (level 13, -7/100 HPs)
             Began as a Djinni Fire Elementalist on Apr 15, 2021.
             Mangled by a komodo dragon (29 damage)
             ... on level 4 of the Lair of Beasts.
             The game lasted 00:29:42 (24720 turns).

vurker the Thaumaturge (Djinni Fire Elementalist)  Turns: 24720, Time: 00:29:43

Health: -7/100     AC:  5    Str:  7    XL:     13   Next: 58%
Gold:   802        EV: 17    Int: 21    God:
                   SH:  5    Dex: 15

rFire    + + +     SeeInvis .   b - +0 short sword
rCold    . . .     Faith    .   w - +0 buckler
rNeg     . . .     Spirit   .   B - +2 robe {rC+}
rPois    ∞         Reflect  .   (no helmet)
rElec    .         Harm     .   p - +0 cloak
rCorr    .         Rampage  .   (no gloves)
Will     +....                  (boots unavailable)
Stlth    ++........             (no amulet)
HPRegen  0.26/turn              n - ring of protection from fire
MPRegen  0.00/turn              f - ring of protection from fire

@: flying
A: fire resistance 2, cold vulnerability 1, float, innate caster, hp casting,
extra vitality 1
a: no special abilities


You were on level 4 of the Lair of Beasts.
You visited 3 branches of the dungeon, and saw 16 of its levels.

You collected 802 gold pieces.

Inventory:

Hand Weapons
 b - a +0 short sword (weapon)
   (You took it off a kobold on level 1 of the Dungeon)
Missiles
 q - 4 throwing nets
 A - 7 curare-tipped darts
Armour
 p - a +0 cloak (worn)
   (You found it on level 5 of the Dungeon)
 v - +0 steam dragon scales
   (You found it on level 8 of the Dungeon)
 w - a +0 buckler (worn)
   (You found it on level 8 of the Dungeon)
 B - a +2 robe of cold resistance (worn)
   (You took it off Fannar on level 11 of the Dungeon)
Jewellery
 a - a ring of resist corrosion
   (You found it on level 11 of the Dungeon)
 f - a ring of protection from fire (right hand)
   (You found it on level 1 of the Dungeon)
 n - a ring of protection from fire (left hand)
   (You found it on level 1 of the Dungeon)
 C - a ring of ice
   (You took it off Fannar on level 11 of the Dungeon)
 D - a ring of willpower
   (You found it on level 1 of the Lair of Beasts)
 F - a ring of positive energy
   (You found it on level 1 of the Lair of Beasts)
Wands
 d - a wand of iceblast (6)
   (You found it on level 8 of the Dungeon)
 t - a wand of flame (36)
   (You found it on level 7 of the Dungeon)
 x - a wand of acid (4)
   (You found it on level 3 of the Lair of Beasts)
Scrolls
 h - 2 scrolls of vulnerability
 j - 2 scrolls of blinking
 l - a scroll of magic mapping
 m - a scroll of teleportation
 z - a scroll of enchant armour
Potions
 c - 2 potions of haste
 e - 2 potions of curing
 g - 3 potions of resistance
 i - a potion of cancellation {unknown}
 k - 2 potions of brilliance {unknown}
 r - 2 potions of lignification
 s - 4 potions of heal wounds
Miscellaneous
 y - a condenser vane
   (You found it on level 9 of the Dungeon)


   Skills:
 + Level 11.8 Fighting
 - Level 10.0 Dodging
 - Level 1.5 Stealth
 - Level 4.0 Shields
 * Level 14.0 Spellcasting


You had 5 spell levels left.
You knew the following spells:

 Your Spells              Type           Power      Damage    Failure   Level
a - Foxfire               Conj/Fire      100%       2x1d9     0%          1
b - Conjure Flame         Conj/Fire      65%        6-21      1%          3
c - Summon Mana Viper     Hex/Summ       65%        N/A       1%          5
e - Animate Dead          Necr           32%        N/A       1%          4
f - Pain                  Necr           100%       1d9       0%          1
g - Inner Flame           Hex/Fire       65%        N/A       1%          3
h - Searing Ray           Conj           100%       3d7       1%          2
q - Sticky Flame          Conj/Fire      65%        2d8       1%          4
w - Blink                 Tloc           N/A        N/A       1%          2
x - Irradiate             Conj/Tmut      32%        3d24      1%          5
z - Fireball              Conj/Fire      32%        3d14      1%          5
Your spell library was empty.

Dungeon Overview and Level Annotations

Branches:
Dungeon (11/15)            Temple (0/1) D:7            Lair (4/6) D:9
 Shoals (0/4) Lair:3          Orc (1/2) D:10
  Snake: Lair:2-4    Spider: Lair:2-4

Altars:
Fedhas

Portals:
Trove: D:11 (give 8 scrolls of blinking)

Annotations:
D:8 4 runed translucent doors, sastreii's ghost, novice DsFi
Lair:2 4 exclusions


Innate Abilities, Weirdness & Mutations

You are immune to poison.
Your flesh is very heat resistant. (rF++)
You are vulnerable to cold. (rC-)
You float through the air rather than walking.
You learn spells naturally, not from books.
Your magical power is your life essence.
You have superior vitality. (+4 HP)


Message History

The blink frog blinks!
A blink frog comes into view.
You block the water moccasin's attack.
Aim: a yak (moderately wounded)
The fireball explodes!
The fireball engulfs the yak!!
You kill the yak!
The fireball engulfs the yak!
The fireball engulfs the water moccasin!
You kill the water moccasin!
The fireball explodes!
The fireball engulfs the blink frog!!
You kill the blink frog!
The fireball engulfs the yak!
You kill the yak!
* * * LOW HITPOINT WARNING * * *
The blink frog blinks!
Training target 10.0 for Dodging reached!
Your Dodging skill increases to level 10!
Aim: a yak (83% to hit)
The bolt of acid hits the blink frog!
The blink frog is splashed with acid.
The acid corrodes the blink frog!
The bolt of acid misses the blink frog.
The bolt of acid hits the yak!
The yak is splashed with acid!
The acid corrodes the yak!
The bolt of acid hits the yak.
The yak is splashed with acid.
The acid corrodes the yak!
The blink frog hits you!
* * * LOW HITPOINT WARNING * * *
The blink frog blinks!
The blink frog hits you!
* * * LOW HITPOINT WARNING * * *
The blink frog blinks!
Blink to where?
As you read the scroll of blinking, it crumbles to dust.
The blink frog blinks!
The blink frog misses you.
As you read the scroll of teleportation, it crumbles to dust.
You feel strangely unstable.
The blink frog hits you but does no damage.
The blink frog blinks!
You block the blink frog's attack.
Your surroundings suddenly seem different.
Found 14 gold pieces.
Found an escape hatch in the ceiling.
A komodo dragon comes into view.
Found a scroll of teleportation.
Found a scroll labelled AXASMU SYPH.
You hit the komodo dragon but do no damage.
The sentinel's mark upon you fades away.
The komodo dragon misses you.
Aim: a komodo dragon (100% to hit)
The sticky flame hits the komodo dragon!
The komodo dragon is covered in liquid flames!
* * * LOW HITPOINT WARNING * * *
The komodo dragon burns!
The komodo dragon bites you!!
You die...

?........
..?......
#......# .
#......## .
#.......# .
#....... .
##.....l# l.#
.......@# .P.
#P......## ...
##.......### # #
#.........##.##.
.#
.................
...
.................
...
.................
...
..........$......
...
.................
...


You could see a komodo dragon (burning).

Vanquished Creatures
  Josephine (D:10)
  Fannar (D:11)
  3 hydras
  A boulder beetle (D:11)
  A two-headed ogre (D:9)
  Sonja (D:11)
  A cyclops (D:10)
  2 merfolk sirens (Lair:3)
  3 black mambas
  A torpor snail (Lair:4)
  3 cane toads
  5 komodo dragons
  An unseen horror (D:9)
  A rime drake (Lair:1)
  Psyche (D:10)
  6 trolls
  2 polar bears
  2 merfolk (Lair:3)
  8 blink frogs
  2 shadows
  A wraith (D:10)
  2 wyverns
  32 yaks
  A basilisk (Lair:1)
  A steam dragon (D:8)
  2 acid dragons
  11 water moccasins
  4 black bears
  2 hornet zombies (D:8)
  An ice beast (D:6)
  4 orc warriors
  3 sky beasts
  4 necrophages
  10 centaurs
  4 ogres
  6 wolves (Lair:3)
  A phantom (D:6)
  A gnoll sergeant (D:5)
  2 scorpions
  11 bullfrogs
  A water moccasin zombie (D:7)
  A wyvern zombie (D:8)
  4 killer bees (D:11)
  8 wights
  An electric eel (D:6)
  2 howler monkeys
  2 centaur zombies
  A bullfrog skeleton (D:4)
  8 orc priests
  2 hounds (D:5)
  A bullfrog zombie (D:7)
  A jelly (D:8)
  7 orc wizards
  2 killer bee zombies
  A hound skeleton (D:4)
  2 mummies (D:8)
  2 howler monkey zombies
  14 gnolls
  8 adders
  A river rat (D:6)
  2 white imps
  An adder skeleton (D:4)
  A worm (D:6)
  A dart slug (D:4)
  23 orcs
  7 ball pythons
  4 endoplasms
  4 giant cockroaches
  5 goblins
  5 hobgoblins
  7 jackals
  5 quokkas
  2 bats
  3 frilled lizards (D:2)
  2 goblin skeletons (D:10)
  A goblin zombie (D:10)
  A hobgoblin skeleton (D:10)
  2 hobgoblin zombies (D:10)
  5 kobolds
  6 orc zombies (D:10)
  5 rats
  A bush (Lair:2)
311 creatures vanquished.

Vanquished Creatures (collateral kills)
  Erica (D:11)
  A hydra (Lair:4)
  A cyclops (D:11)
  3 cane toads
  2 komodo dragons (Lair:1)
  A troll (D:11)
  A polar bear (Lair:2)
  A blink frog (Lair:3)
  A shadow (D:10)
  4 wraiths (D:10)
  17 yaks
  A water moccasin (Lair:1)
  3 wolves (Lair:1)
  A bullfrog (Lair:4)
  A troll zombie (D:10)
  A howler monkey (D:10)
  7 ogre zombies (D:10)
  2 orcs (D:9)
  A goblin skeleton (D:10)
  A goblin zombie (D:10)
  A hobgoblin skeleton (D:10)
  3 hobgoblin zombies (D:10)
  7 orc zombies (D:10)
  3 foxfires (D:8)
65 creatures vanquished.

Vanquished Creatures (others)
  996 foxfires
  20 fungi
  28 plants
  2 withered plants (D:8)
1046 creatures vanquished.

Grand Total: 1422 creatures vanquished

Notes
Turn   | Place    | Note
-------+----------+-------------------------------------------
     0 | D:1      | vurker the Djinni Fire Elementalist began the quest for the
                  | Orb.
     0 | D:1      | Reached XP level 1. HP: 15/15 MP: 0/0
   286 | D:1      | Reached skill level 1 in Fighting
   286 | D:1      | Reached skill level 3 in Spellcasting
   286 | D:1      | Reached XP level 2. HP: 17/22 MP: 0/0
   290 | D:1      | Reached XP level 3. HP: 17/27 MP: 0/0
   290 | D:1      | Learned a level 1 spell: Pain
  1000 | D:1      | Found a faded altar of an unknown god.
  1461 | D:2      | Reached XP level 4. HP: 30/33 MP: 0/0
  2185 | D:2      | Reached skill level 4 in Spellcasting
  2628 | D:3      | Reached XP level 5. HP: 15/39 MP: 0/0
  2628 | D:3      | Learned a level 2 spell: Blink
  2926 | D:3      | Found a blossoming altar of Fedhas.
  3507 | D:4      | Noticed an ogre
  3515 | D:4      | Killed an ogre
  3516 | D:4      | Reached XP level 6. HP: 39/46 MP: 0/0
  3525 | D:4      | Reached skill level 5 in Spellcasting
  3835 | D:4      | Noticed a wyvern
  3841 | D:4      | Killed a wyvern
  3842 | D:4      | Reached XP level 7. HP: 23/51 MP: 0/0
  3842 | D:4      | Learned a level 2 spell: Searing Ray
  4976 | D:5      | Entered Level 5 of the Dungeon
  5004 | D:5      | Reached skill level 6 in Spellcasting
  5600 | D:5      | Reached XP level 8. HP: 44/58 MP: 0/0
  5885 | D:5      | Reached skill level 5 in Fighting
  6236 | D:6      | Reached skill level 7 in Spellcasting
  6864 | D:6      | Reached skill level 8 in Spellcasting
  6864 | D:6      | Reached XP level 9. HP: 42/66 MP: 0/0
  6864 | D:6      | Learned a level 4 spell: Animate Dead
  7949 | D:7      | Reached skill level 9 in Spellcasting
  8317 | D:7      | Found a staircase to the Ecumenical Temple.
  8421 | D:7      | HP: 3/68 [wight/+4 long sword (12)]
  9935 | D:8      | Found a runed translucent door.
  9936 | D:8      | Noticed a sixfirhy
  9954 | D:8      | Reached XP level 10. HP: 58/76 MP: 0/0
 10035 | D:7      | Reached skill level 1 in Shields
 10284 | D:8      | Found a runed translucent gate.
 10284 | D:8      | Found a runed translucent gate.
 10323 | D:8      | Reached skill level 10 in Spellcasting
 11002 | D:8      | Found a runed translucent gate.
 11003 | D:8      | Noticed a nine-headed hydra
 11003 | D:8      | Noticed a nine-headed hydra
 11003 | D:8      | Noticed sastreii's ghost (novice DsFi)
 11961 | D:9      | Noticed a two-headed ogre
 11967 | D:9      | Killed a two-headed ogre
 12436 | D:9      | Found a staircase to the Lair.
 12913 | D:9      | Noticed an unseen horror
 12914 | D:9      | Killed an unseen horror
 12915 | D:9      | Reached skill level 11 in Spellcasting
 12915 | D:9      | Reached XP level 11. HP: 63/82 MP: 0/0
 12915 | D:9      | Learned a level 5 spell: Summon Mana Viper
 13468 | D:10     | Entered Level 10 of the Dungeon
 13484 | D:10     | Reached skill level 5 in Dodging
 14254 | D:10     | Noticed Psyche
 14267 | D:10     | Killed Psyche
 14554 | D:10     | Noticed Josephine
 14558 | D:10     | Killed Josephine
 15480 | D:10     | Noticed a cyclops
 15484 | D:10     | Killed a cyclops
 15652 | D:10     | Found a staircase to the Orcish Mines.
 15794 | D:10     | Reached skill level 12 in Spellcasting
 15964 | Orc:1    | Entered Level 1 of the Orcish Mines
 16280 | D:11     | Reached skill level 10 in Fighting
 16515 | D:11     | Noticed Sonja
 16517 | D:11     | Killed Sonja
 16518 | D:11     | Reached XP level 12. HP: 81/91 MP: 0/0
 17035 | D:11     | Noticed Fannar
 17041 | D:11     | Killed Fannar
 17492 | D:11     | Noticed a boulder beetle
 17499 | D:11     | Killed a boulder beetle
 17643 | D:11     | Noticed Erica
 17653 | D:11     | Killed Erica
 17997 | D:11     | Found a portal to a secret trove of treasure.
 18527 | Lair:1   | Entered Level 1 of the Lair of Beasts
 19792 | Lair:1   | Reached skill level 13 in Spellcasting
 21836 | Lair:2   | Reached XP level 13. HP: 36/99 MP: 0/0
 21836 | Lair:2   | Learned a level 5 spell: Irradiate
 22414 | Lair:3   | Found a staircase to the Shoals.
 24613 | Lair:4   | Reached skill level 14 in Spellcasting
 24704 | Lair:4   | Reached skill level 10 in Dodging
 24720 | Lair:4   | Mangled by a komodo dragon

Illustrated notes

Levels and vault maps discovered:
D:1:      ebering_trefoil_twist, layout_rooms,
          shapermc_ecumenical_altar_mp_highgroup, hangedman_decor_push, hex_tiny
D:2:      layout_basic, due_unseen_surprise
D:3:      layout_basic, nicolae_overflow_crystal_walls, hex_intersection
D:4:      layout_basic
D:5:      layout_loops_ring, ebering_dispersal_statue_hall
D:6:      layout_cave_pools, serial_column_ruins, column_ruins_hut_water,
          column_ruins_courtyard_long_water, column_ruins_open_small_water,
          column_ruins_open_tiny, column_ruins_open_small,
          column_ruins_columns_dead_end, column_ruins_open_small,
          portal_sewer_entry_c
D:7:      layout_cave_pools, minmay_temple_entry_fiery, serial_glass,
          glass_columns_c, glass_columns_a
D:8:      cheibrodos_shockbox, layout_basic, serial_undead, serial_undead_b,
          serial_undead_d, serial_undead_f, serial_undead_f, serial_undead_b,
          serial_undead_c, serial_undead_e, serial_undead_b,
          gammafunk_ghost_hydra_chop
D:9:      layout_roguey, lair_entry_dummy, centaur_isle
D:10:     layout_irregular_city, zombieorc2_lemuel, uniq_psyche, uniq_josephine
D:11:     layout_layer_cave, nicolae_trove_entry_crystal, uniq_fannar,
          uniq_sonja, uniq_erica
Lair:1:   layout_misc_corridors, grunt_megastairs_2, lemuel_fruit_fields,
          infiniplex_staircase_pool_2
Lair:2:   layout_regular_city, minivault_11, amcnicky_mini_pool_medium
Lair:3:   layout_misc_corridors, elwin_shoals_entry_stream
Lair:4:   layout_regular_city, dummy_snake_entry, basic_altar
Orc:1:    layout_diamond_mine, ebering_ghost_rock_garden

Skill      XL: |  1  2  3  4  5  6  7  8  9 10 11 12 13 |
---------------+----------------------------------------+-----
Fighting       | 1 2 3 4 6 7 8 10 11 | 11.8
Spellcasting   | 3 4 5 6 8 9 11 12 13 14 | 14.0
Shields        | 4 |  4.0
Dodging        | 4 6 8 10 | 10.0
Stealth        | |  1.5

Action                   |  1- 3 |  4- 6 |  7- 9 | 10-12 | 13-15 || total
-------------------------+-------+-------+-------+-------+-------++-------
Melee: Short sword       |       |       |     6 |    13 |     1 ||    20
 Cast: Foxfire           |    81 |   117 |   306 |   108 |       ||   612
       Sticky Flame      |       |     4 |    13 |    35 |     5 ||    57
       Fireball          |       |       |       |   155 |    77 ||   232
       Inner Flame       |       |       |       |     1 |       ||     1
       Summon Mana Viper |       |       |       |    71 |     2 ||    73
       Blink             |       |       |       |     1 |     1 ||     2
       Irradiate         |       |       |       |       |     3 ||     3
Evoke: Wand              |       |       |       |       |     4 ||     4
  Use: Scroll            |       |       |       |    12 |     2 ||    14
       Potion            |       |       |       |     4 |       ||     4
Armor: Robe              |       |     3 |    10 |     5 |     5 ||    23
       Steam dragon scal |       |       |       |    16 |       ||    16
Dodge: Dodged            |     1 |    10 |    48 |    73 |    18 ||   150
Block: Buckler           |       |       |       |    26 |     7 ||    33

Table legend: (Time is in decaauts)
 A = Elapsed time spent in this place.
 B = Non-inter-level travel time spent in this place.
 C = Inter-level travel time spent in this place.
 D = Time resting spent in this place.
 E = Time spent auto-exploring this place.
 F = Levels seen in this place.
 G = Mean time per level.
                   A        B        C        D        E       F      G
               +--------+--------+--------+--------+--------+-----+--------+
         Total |  24751 |  24135 |    616 |   2663 |  19183 |  16 | 1546.9 |
       Dungeon |  18531 |  18118 |    413 |   2005 |  14377 |  11 | 1684.6 |
          Lair |   6204 |   6001 |    203 |    658 |   4804 |   4 | 1551.0 |
  Orcish Mines |     14 |     14 |      0 |      0 |      2 |   1 |   14.0 |
               +--------+--------+--------+--------+--------+-----+--------+

Top non-repeatable levels by time:
    D:10: 2691 daAuts
  Lair:2: 2453 daAuts
     D:9: 2432 daAuts
     D:7: 2271 daAuts
    D:11: 1995 daAuts
  Lair:1: 1766 daAuts
     D:8: 1628 daAuts
     D:4: 1477 daAuts
     D:5: 1426 daAuts
  Lair:3: 1223 daAuts
     D:1: 1214 daAuts
     D:2: 1171 daAuts
     D:6: 1111 daAuts
     D:3: 1109 daAuts
  Lair:4: 761 daAuts
